Map: Rohana LE

Players

Yalos - Winner!

  • Race: Protoss Protoss
  • League: Master
  • Spawn Location: 9:00

blenok - Winner!

  • Race: Protoss Protoss
  • League: Diamond
  • Spawn Location: 11:00

Nitrate

  • Race: Protoss Protoss
  • League: Gold
  • Spawn Location: 3:00

Вагнер

  • Race: Zerg Zerg
  • Spawn Location: 5:00

VOD

Have the link to the VOD?

Description

Time

  • Played on: Feb. 22, 2026, 1:52 p.m.
  • Length: 1:29
Show
View Real Time Build Order
Export as new Build Order

Yalos Protoss - Winner!

Build Orders:  

Get SALT Encoding   

  12  0:03  Probe  
  13  0:18  Probe  
  14  0:22  Pylon  
  14  0:30  Probe  
  15  0:42  Gateway, Probe  
  16  0:54  Probe  
  17  0:57  Assimilator  
  17  1:02  Assimilator  
  17  1:06  Probe  
Show
View Real Time Build Order
Export as new Build Order

blenok Protoss - Winner!

Build Orders:  

Get SALT Encoding   

  12  0:00  Probe  
  13  0:12  Probe  
  14  0:18  Pylon  
  14  0:24  Probe  
  15  0:32  Probe  
  15  0:40  Gateway, Probe  
  16  0:47  Assimilator  
  17  0:56  Probe  
  18  1:08  Probe  
Show
View Real Time Build Order
Export as new Build Order

Nitrate Protoss 

Build Orders:  

Get SALT Encoding   

  12  0:00  Probe  
  13  0:13  Probe  
  14  0:17  Pylon  
  14  0:25  Probe  
  15  0:37  Probe  
  15  0:42  Gateway  
  16  0:51  Probe  
  16  0:54  Assimilator  
  17  1:05  Probe  
  17  1:09  Pylon  
  18  1:14  Assimilator  
Show
View Real Time Build Order
Export as new Build Order

Вагнер Zerg 

Build Orders: Pool Only 

Get SALT Encoding   

  12  0:01  Drone  
  13  0:08  Drone  
  14  0:18  Extractor, Drone  
  14  0:24  Overlord  
  14  0:42  Drone x2  
  16  0:48  Drone  
  17  0:55  Spawning Pool  
Tags
 
Add a new tag
Caveats
  • Supply blocks, unpowered buildings, or Contaminate may cause inaccurate times.
  • Supply counts are checked every 10 seconds.